Map: Catalyst LE

Players

SamuraiFunn - Winner!

  • Race: Protoss Protoss
  • Spawn Location: 11:00

A.I. 1 (Elite)

  • Race: Protoss Protoss
  • Spawn Location: 5:00

VOD

Have the link to the VOD?

Description

Time

  • Played on: Nov. 25, 2017, 11:55 a.m.
  • Length: 21:10
Show
View Real Time Build Order
Export as new Build Order

SamuraiFunn Protoss - Winner!

Build Orders: 1 Gate Expand 

Get SALT Encoding   

  12  0:01  Probe  
  13  0:13  Probe  
  14  0:18  Pylon  
  14  0:25  Probe  
  15  0:34  Assimilator  
  15  0:41  Gateway  
  15  0:44  Probe (Chrono Boost)  
  16  0:56  Probe (Chrono Boost)  
  17  1:00  Probe (Chrono Boost)  
  18  1:09  Assimilator  
  18  1:10  Probe  
  19  1:22  Probe  
  20  1:36  Nexus  
  20  1:47  Cybernetics Core  
  20  1:50  Probe  
  21  1:57  Pylon  
  21  2:02  Probe  
  22  2:14  Probe  
  25  2:15  Zealot  
  25  2:24  Warp Gate (Chrono Boost)  
  25  2:26  Probe  
  26  2:38  Probe  
  27  3:01  Robotics Facility  
  27  3:03  Gateway  
  27  3:04  Probe x2  
  29  3:22  Probe x2  
  31  3:37  Gateway  
  31  3:39  Probe x2  
  31  3:40  Pylon  
  33  3:54  Immortal (Chrono Boost)  
  37  4:15  Probe x2, Pylon  
  39  4:17  Pylon  
  39  4:24  Adept  
  39  4:28  Probe, Immortal, Gateway  
  46  4:31  Robotics Facility  
  46  4:34  Gateway  
  46  4:35  Probe  
  47  4:42  Probe  
  48  4:46  Pylon  
  48  4:49  Pylon  
  48  4:51  Stalker x2  
  52  4:58  Probe x2  
  54  5:05  Assimilator  
  54  5:10  Probe x2  
  56  5:14  Observer  
  56  5:19  Immortal  
  61  5:22  Probe x2  
  63  5:32  Stalker  
  63  5:33  Stalker x2  
  63  5:34  Probe x2  
  71  5:51  Nexus  
  71  5:52  Pylon  
  71  5:54  Probe x2  
  73  6:13  Probe x2  
  73  6:16  Stalker x5  
  85  6:28  Observer x2  
  87  6:39  Stalker  
  89  6:40  Stalker x2  
  93  7:02  Pylon  
  93  7:03  Pylon  
  93  7:10  Pylon  
  93  7:11  Probe x3  
  96  7:18  Assimilator  
  96  7:28  Stalker x2  
  96  7:29  Stalker x2  
  104  7:30  Stalker  
  104  7:32  Immortal x2  
  114  8:01  Twilight Council  
  114  8:02  Robotics Bay  
  114  8:04  Forge  
  114  8:05  Forge  
  114  8:07  Probe x3  
  117  8:14  Stalker x3  
  123  8:22  Probe x3  
  126  8:27  Assimilator  
  126  8:31  Assimilator  
  126  8:34  Probe  
  127  8:35  Pylon  
  126  9:18  Protoss Ground Armor Level 1, Protoss Ground Weapons Level 1  
  126  9:20  Templar Archives  
  122  9:47  Stalker x5  
  122  9:49  Immortal x2  
  102  10:11  Stalker x3  
  102  10:12  Stalker x2  
  110  10:28  Colossus  
  116  10:32  Probe x3  
  99  11:16  Stalker x5  
  109  11:22  Gateway  
  109  11:24  Gateway  
  109  11:26  Protoss Ground Weapons Level 2  
  109  11:27  Gateway, Protoss Shields Level 1  
  109  11:28  Gateway  
  103  12:19  Robotics Facility  
  103  12:21  Robotics Facility  
  103  12:22  Robotics Facility  
  99  12:38  Nexus  
  99  12:39  Stalker  
  99  12:40  Stalker  
  99  12:41  Stalker x2  
  99  12:42  Stalker x2, Assimilator  
  99  12:43  Stalker  
  113  12:46  Assimilator  
  113  12:49  Pylon  
  113  12:50  Pylon, Colossus x2  
  125  12:51  Pylon  
  123  13:27  Colossus x3  
  139  13:42  Blink  
  137  13:58  Colossus x2  
  137  14:02  Stalker x3  
  155  14:03  Stalker x2  
  155  14:04  Stalker x2  
  163  14:20  Colossus  
  169  14:55  Colossus  
  175  15:17  Colossus  
  177  15:30  Probe  
  177  15:32  Extended Thermal Lance  
  176  16:11  Protoss Ground Weapons Level 3 (Chrono Boost), Protoss Ground Armor Level 2 (Chrono Boost)  
  176  17:15  Nexus  
  176  17:17  Assimilator  
  176  17:21  Assimilator  
  176  17:23  Pylon  
  176  17:25  Pylon  
  176  17:27  Pylon  
  176  17:41  Colossus x2  
  176  17:43  Colossus  
  194  17:44  Colossus  
Show
View Real Time Build Order
Export as new Build Order

A.I. 1 (Elite) Protoss 

Build Orders: Zealot Archon 

Get SALT Encoding   

  12  0:00  Probe  
  13  0:13  Probe  
  14  0:19  Pylon  
  14  0:25  Probe  
  15  0:38  Probe  
  15  0:40  Gateway  
  16  0:48  Assimilator  
  16  0:50  Probe  
  17  1:01  Pylon  
  17  1:02  Probe  
  18  1:14  Probe  
  19  1:26  Probe  
  19  1:27  Zealot  
  22  1:33  Cybernetics Core  
  22  1:38  Probe  
  23  1:50  Probe  
  24  1:57  Gateway  
  24  2:00  Pylon  
  24  2:01  Zealot  
  24  2:02  Probe  
  27  2:27  Nexus  
  27  2:31  Probe  
  27  2:34  Warp Gate  
  28  2:42  Assimilator  
  28  2:43  Probe  
  29  2:50  Adept  
  31  2:55  Probe  
  31  2:56  Adept  
  34  3:07  Probe, Pylon  
  35  3:17  Stalker  
  35  3:19  Probe  
  38  3:24  Stalker  
  40  3:32  Probe  
  41  3:37  Gateway  
  41  3:44  Probe  
  41  3:47  Stalker  
  44  3:51  Probe  
  45  3:56  Stalker  
  45  3:58  Probe  
  48  4:03  Probe  
  49  4:10  Probe  
  49  4:15  Probe  
  51  4:17  Stalker  
  51  4:22  Probe  
  54  4:26  Stalker  
  54  4:27  Probe  
  57  4:34  Probe  
  57  4:35  Pylon  
  57  4:36  Stalker  
  60  4:39  Probe  
  61  4:45  Pylon  
  61  4:46  Probe  
  62  4:53  Probe  
  62  4:55  Stalker  
  62  4:58  Stalker  
  62  4:59  Probe  
  68  5:03  Stalker  
  68  5:05  Probe  
  71  5:08  Pylon  
  71  5:11  Probe  
  72  5:16  Pylon  
  72  5:17  Probe  
  72  5:18  Stalker  
  75  5:21  Stalker  
  75  5:23  Probe  
  75  5:27  Stalker  
  80  5:29  Probe  
  80  5:35  Probe, Pylon  
  82  5:41  Stalker  
  82  5:42  Probe  
  84  5:46  Stalker, Twilight Council  
  84  5:47  Probe  
  87  5:50  Sentry  
  87  5:54  Probe  
  90  5:59  Probe  
  90  6:02  Pylon  
  91  6:04  Sentry  
  91  6:07  Assimilator  
  91  6:10  Zealot, Assimilator  
  95  6:22  Pylon  
  95  6:24  Templar Archives  
  95  6:31  Forge  
  95  6:32  Probe  
  96  6:36  Forge  
  96  6:42  Nexus  
  96  7:00  High Templar  
  98  7:04  High Templar  
  100  7:08  Robotics Facility  
  100  7:17  Pylon  
  100  7:21  Gateway  
  100  7:22  Archon  
  100  7:23  High Templar  
  102  7:32  Zealot  
  102  7:36  High Templar  
  106  7:38  Photon Cannon  
  106  7:40  Pylon  
  106  7:53  Probe  
  106  7:54  Probe x2  
  106  7:56  Warp Prism  
  111  7:59  High Templar, Archon  
  111  8:03  Assimilator  
  111  8:04  Protoss Ground Weapons Level 1  
  111  8:05  Pylon  
  113  8:06  Photon Cannon, Probe  
  113  8:07  Photon Cannon, Probe x2  
  113  8:11  Assimilator  
  113  8:12  High Templar  
  118  8:17  Photon Cannon  
  118  8:18  Probe  
  118  8:19  Probe  
  120  8:20  Probe  
  120  8:25  Photon Cannon  
  121  8:27  Pylon  
  121  8:30  Probe  
  121  8:31  Probe  
  121  8:32  Probe, Observer  
  121  8:34  High Templar, Archon  
  125  8:40  Protoss Ground Armor Level 1  
  127  8:42  Probe  
  127  8:43  Probe  
  127  8:44  Probe  
  130  8:48  Photon Cannon  
  130  8:51  Photon Cannon, High Templar  
  130  8:53  Warp Prism  
  130  8:54  Probe  
  135  8:55  Probe  
  135  8:56  Probe  
  135  9:00  Archon, Adept  
  139  9:03  High Templar  
  139  9:04  Gateway  
  139  9:09  Nexus  
  141  9:12  High Templar  
  141  9:14  Pylon  
  143  9:23  Photon Cannon  
  143  9:29  Immortal  
  143  9:30  Psionic Storm  
  147  9:35  Archon  
  147  9:37  Zealot  
  149  9:40  Pylon  
  149  9:43  Sentry  
  149  9:44  Zealot  
  149  9:45  Zealot  
  139  9:58  Stalker, Zealot  
  123  10:01  Photon Cannon  
  123  10:04  Stalker  
  123  10:05  Gateway, Stalker  
  123  10:06  Zealot  
  111  10:08  Immortal  
  104  10:18  Stalker  
  106  10:21  Zealot  
  106  10:26  High Templar  
  106  10:27  Stalker  
  106  10:28  Adept  
  114  10:29  Assimilator  
  114  10:33  Pylon  
  114  10:34  Assimilator  
  112  10:38  Photon Cannon  
  112  10:39  Nexus  
  112  10:41  Adept, Stalker  
  112  10:42  Photon Cannon  
  102  10:45  Probe  
  102  10:48  Observer, Stalker  
  97  10:50  Zealot  
  87  10:58  High Templar  
  87  10:59  Stalker  
  87  11:01  Adept  
  87  11:04  Sentry  
  91  11:09  Immortal  
  91  11:10  Probe x2, Zealot  
  91  11:11  Zealot  
  96  11:14  Probe  
  97  11:21  Zealot  
  97  11:22  High Templar  
  97  11:27  Zealot  
  97  11:30  Zealot  
  97  11:31  Sentry, Adept  
  97  11:32  Adept x2  
  97  11:33  Stalker  
  97  11:37  Stalker  
  97  11:42  High Templar  
  97  11:46  Probe  
  90  11:49  Archon  
  90  11:52  Probe, Sentry  
  90  11:53  Probe, Stalker  
  89  11:54  High Templar  
  89  11:56  Zealot  
  89  12:00  Stalker  
  92  12:07  Probe  
  92  12:08  Probe x2  
  94  12:11  Probe  
  94  12:14  Sentry  
  97  12:15  Stalker  
  97  12:16  Stalker, Zealot  
  97  12:19  Probe  
  97  12:20  Probe  
  102  12:23  Stalker  
  102  12:27  High Templar  
  90  12:36  Zealot  
  86  12:37  Sentry  
  86  12:38  Zealot  
  86  12:39  Stalker  
  86  12:40  Probe  
  86  12:41  Assimilator  
  93  12:46  Zealot  
  94  12:56  Zealot  
  94  12:57  Probe  
  89  12:58  Assimilator, Stalker  
  89  12:59  Zealot  
  89  13:00  Zealot  
  89  13:02  Stalker  
  95  13:06  High Templar  
  95  13:11  Nexus  
  89  13:16  Zealot  
  89  13:19  Adept  
  90  13:20  Zealot  
  90  13:21  Sentry  
  90  13:22  Probe x2  
  90  13:25  Adept  
  97  13:31  Probe x2  
  93  13:36  Zealot  
  93  13:38  Sentry  
  93  13:39  Stalker  
  93  13:40  Stalker  
  83  13:44  High Templar, Nexus  
  83  13:45  Probe, Stalker  
  77  13:51  Probe  
  75  13:56  High Templar  
  75  14:01  Adept  
  75  14:02  High Templar  
  67  14:03  Stalker  
  67  14:08  Zealot  
  63  14:16  Sentry  
  64  14:19  Probe  
  64  14:21  Probe  
  64  14:22  Adept  
  68  14:26  Probe, Zealot  
  68  14:28  Adept  
  68  14:29  Stalker  
  68  14:31  Probe  
  76  14:35  Stalker  
  73  14:38  Nexus  
  55  15:13  Stalker  
  57  15:14  Nexus  
  37  15:48  High Templar  
  28  16:02  High Templar  
  21  16:08  Nexus  
  21  16:09  High Templar  
  21  16:34  Pylon, Archon  
  10  17:48  Nexus  
Tags
 
Composition
Zealot Archon
Matchup
PvP
Replay Pack
First 100 games
Spawn Locations
Cross Positions
Add a new tag
Caveats
  • Supply blocks, unpowered buildings, or Contaminate may cause inaccurate times.
  • Supply counts are checked every 10 seconds.